 Dungeon Crawl Stone Soup version 0.24.0-10-g970556be89 (console) character file.

Game seed: 9429539665754788606, levelgen mode: deterministic

88 AlterAsc the Insei (level 4, -2/25 HPs)
             Began as a Tengu Transmuter on Nov 3, 2019.
             Slain by a gnoll
             ... wielding a +0 spear
              (9 damage)
             ... on level 2 of the Dungeon.
             The game lasted 00:04:50 (3059 turns).

AlterAsc the Insei (Tengu Transmuter)               Turns: 3059, Time: 00:04:51

Health: -2/25      AC:  2    Str:  9 (12) XL:     4   Next: 53%
Magic:  9/9        EV: 15    Int: 10 (13) God:
Gold:   58         SH:  0    Dex: 12 (14) Spells: 7/8 levels left

rFire    . . .     SeeInvis .     - Unarmed
rCold    . . .     Gourm    .   (no shield)
rNeg     . . .     Faith    .   b - +0 robe
rPois    .         Spirit   .   (helmet restricted)
rElec    .         Reflect  .   (no cloak)
rCorr    .         Harm     .   (no gloves)
MR       .....                  (boots unavailable)
Stlth    +.........             e - amulet of magic regeneration
HPRegen  0.08/turn              (no ring)
MPRegen  0.36/turn              (no ring)

@: flying quickly and evasively, quick
A: beak, talons 3
a: no special abilities


You were on level 2 of the Dungeon.
You were not hungry.

You visited 1 branch of the dungeon, and saw 3 of its levels.

You collected 58 gold pieces.

Inventory:

Missiles
 a - 28 arrows
Armour
 b - a +0 robe (worn)
 p - a +0 animal skin
 q - a +0 plate armour
Jewellery
 e - an amulet of magic regeneration (around neck)
Scrolls
 g - 3 scrolls of amnesia {unknown}
 i - 2 scrolls of identify {unknown}
 l - a scroll of remove curse {unknown}
 m - 2 scrolls of teleportation {unknown}
 n - a scroll of magic mapping {unknown}
Potions
 h - a potion of degeneration
 j - a potion of curing {unknown}
 k - a potion of haste {unknown}
 o - a potion of magic {unknown}
 r - a potion of resistance {unknown}
Comestibles
 d - 4 rations


   Skills:
 + Level 1.6 Fighting
 + Level 2.7 Dodging
 * Level 3.9 Unarmed Combat
 * Level 2.7 Spellcasting
 * Level 2.3 Transmutations


You had 7 spell levels left.
You knew the following spells:

 Your Spells              Type           Power        Failure   Level  Hunger
a - Beastly Appendage     Tmut           #.....       11%         1    ##.....

Your spell library contained the following spells:

 Spells                   Type           Power        Failure   Level  Hunger
 Sticks to Snakes         Tmut           #.......     17%         2    ###....
 Spider Form              Tmut/Pois      #.........   47%         3    ####...
 Ice Form                 Ice/Tmut       #.......     87%         4    #####..
 Blade Hands              Tmut           #.........   97%         5    ######.


Dungeon Overview and Level Annotations

Branches:
Dungeon (3/15)

Altars:
Makhleb
Trog

Annotations:
D:3 Grinder


Innate Abilities, Weirdness & Mutations

You have a beak for a mouth.
You have claws for feet.


Message History

The gnoll hits you with a +0 spear.
Found a ration and 9 gold pieces.
Found a stone staircase leading up and a stone staircase leading down.
There is a stone staircase leading up here.
The gnoll hits you with a +0 whip. The gnoll hits you with a +0 spear. x2
Grinder blinks!
The ooze hits you. The gnoll barely misses you.
You climb upwards.
There is a stone staircase leading down here.
You hit the gnoll but do no damage. The gnoll hits you with a +0 whip.
The gnoll completely misses you. The gnoll closely misses you.
You hit the gnoll.
The gnoll is moderately wounded.
The gnoll hits you with a +0 whip!
* * * LOW HITPOINT WARNING * * *
The gnoll closely misses you. x2
It was a potion of flight.
You feel very buoyant.
You swoop lightly up into the air.
The gnoll hits you from afar with a +0 spear!
You die...

#.# ######...#......##.######
##.#### #...###.......### ......#
#...# #.#####(..######
#####.######...###.##.(..........
# #.#.............#.##(#.##.#.. #
#.................##.#.##...( #
#.#..................#.####..
#####.######...###########.####>.
...>..........gg@# #........÷..
###.#####..#..J#g# #.##.#.#####
#.#####..#...#.# #.#.###.####
#.##.........#.# #..## ##....
#.##.##..#####.# ###.#.###.#.##
###.##.##..#####.# #......#<.....
.................# #.###.#÷.##.##
######.#############.###.......##
#......#.......##......##.....##


You could see 3 gnolls and an ooze.

Vanquished Creatures
  3 adders (D:2)
  2 oozes
  3 worms (D:2)
  2 dart slugs (D:1)
  2 leopard geckos (D:2)
  2 ball pythons
  2 giant cockroaches (D:2)
  4 goblins
  3 hobgoblins
  2 jackals (D:1)
  7 bats
  3 frilled lizards
  4 kobolds
  2 rats (D:1)
41 creatures vanquished.

Notes
Turn   | Place    | Note
-------+----------+-------------------------------------------
     0 | D:1      | AlterAsc the Tengu Transmuter began the quest for the Orb.
     0 | D:1      | Reached XP level 1. HP: 12/12 MP: 4/4
   240 | D:1      | Reached XP level 2. HP: 16/16 MP: 6/6
  1010 | D:1      | Reached XP level 3. HP: 15/20 MP: 7/7
  1399 | D:2      | Found a bloodstained altar of Trog.
  1609 | D:2      | Found a burning altar of Makhleb.
  1619 | D:2      | Reached XP level 4. HP: 13/25 MP: 8/8
  2227 | D:2      | You fall into a shaft and drop 1 floor!
  3054 | D:3      | Noticed Grinder
  3059 | D:2      | Slain by a gnoll

Levels and vault maps discovered:
D:1:      dpeg_arrival_simpleton_a, layout_basic, chequers_serial_rivers_micro_d
D:2:      layout_loops_cross, old_standard_altar, bloody_trog
D:3:      layout_rooms, lemuel_round_altar, uniq_ijyb, uniq_natasha,
          uniq_grinder

Skill      XL: |  1  2  3 |
---------------+----------+-----
Transmutations | 2 |  2.3
Fighting       | |  1.6
Dodging        | |  2.7
Unarmed Combat | |  3.9
Spellcasting   | |  2.7

Action                   |  1- 3 |  4- 6 || total
-------------------------+-------+-------++-------
Melee: Unarmed           |    74 |    43 ||   117
       Kick              |    17 |    11 ||    28
       Peck              |    10 |     4 ||    14
       Headbutt          |     6 |     2 ||     8
 Cast: Beastly Appendage |    18 |     8 ||    26
  Use: Potion            |     2 |     1 ||     3
  Eat: Chunk             |     3 |     4 ||     7
Armor: Robe              |    10 |     6 ||    16
Dodge: Dodged            |    32 |    47 ||    79
